 Dungeon Crawl Stone Soup version 0.31-a0-636-ge1c0e020e0 (webtiles) character file.

Game seed: 13338006355357077346

1375 Ofeo the Sneak (level 8, 0/41 HPs)
             Began as a Kobold Earth Elementalist on Aug 26, 2023.
             Slain by a water moccasin (2 damage)
             ... on level 6 of the Dungeon.
             The game lasted 00:07:02 (9275 turns).

Ofeo the Sneak (Kobold Earth Elementalist)          Turns: 9275, Time: 00:07:03

Health: 0/41       AC:  5    Str:  5    XL:     8   Next: 98%
Magic:  1/12       EV: 14    Int: 17    God:
Gold:   255        SH:  0    Dex: 17    Spells: 3/13 levels left

rFire   . . .        b - +3 short sword (speed)
rCold   . . .        (no shield)
rNeg    . . .        j - +0 leather armour {Will+}
rPois   .            c - +0 helmet
rElec   .            u - +0 cloak
rCorr   .            (no gloves)
SInv    +            (no boots)
Will    +....        (no amulet)
Stlth   +++++        (no ring)
HPRegen 0.26/turn    (no ring)
MPRegen 0.13/turn

%: no passive effects
@: lethally poisoned (0 -> -7)
A: small, no large weapons, nightstalker 3, see invisible
a: no special abilities


You were on level 6 of the Dungeon.
You visited 1 branch of the dungeon, and saw 6 of its levels.

You collected 255 gold pieces.

Inventory:

Hand Weapons
 b - a +3 short sword of speed (weapon)
 k - a +0 rapier
Missiles
 p - a curare-tipped dart
Armour
 a - a +0 robe
 c - a +0 helmet (worn)
 j - a +0 leather armour of willpower (worn)
 l - +1 fire dragon scales
 u - a +0 cloak (worn)
Jewellery
 r - a ring of poison resistance
Wands
 o - a wand of flame (11)
Scrolls
 f - a scroll of poison
 i - a scroll of identify {@r1}
 n - a scroll of teleportation {@r3}
 s - a scroll of brand weapon {unknown}
Potions
 d - a potion of mutation
 e - 2 potions of enlightenment
 g - a potion of brilliance
 h - a potion of heal wounds {@q2}
 m - 2 potions of degeneration
 q - a potion of curing {@q1}
 t - a potion of attraction {unknown}


   Skills:
 + Level 6.1 Short Blades
 - Level 3.4 Dodging
 + Level 7.5 Stealth
 - Level 3.1 Spellcasting
 + Level 4.9 Transmutations
 + Level 5.7 Earth Magic


You had 3 spell levels left.
You knew the following spells:

 Your Spells              Type           Power      Damage    Failure   Level
a - Sandblast             Erth           44%        2d11      2%          1
b - Passwall              Tmut/Erth      16%        N/A       4%          2
c - Stone Arrow           Conj/Erth      24%        3d8       26%         3
d - Petrify               Tmut/Erth      20%        N/A       32%         4

Your spell library contained the following spells:

 Spells                   Type           Power      Damage    Failure   Level
 Sting                    Tmut/Pois      44%        1d5       11%         1
 Lesser Beckoning         Tloc           4%         N/A       41%         2
 Poisonous Vapours        Pois/Air       4%         N/A       41%         2
 Gell's Gravitas          Tloc           2%         N/A       65%         3
 Teleport Other           Tloc           2%         N/A       65%         3
 Olgreb's Toxic Radiance  Pois           2%         N/A       96%         4


Dungeon Overview and Level Annotations

Branches:
Dungeon (6/15)
 Temple: D:4-7

Altars:
Vehumet


Innate Abilities, Weirdness & Mutations

You are small and have problems with some larger weapons.
You are completely attuned to the shadows.
You have supernaturally acute eyesight. (SInv)


Message History

Confirm with . or Enter, or press ? or * to list all spells.
Aiming: Sandblast (safe; 2% risk of failure)
Press: ? - help, Shift-Dir - straight line, f/p - water moccasin
Aim: a water moccasin (severely wounded, 72% to hit)
The blast of sand misses the water moccasin.
The water moccasin completely misses you.
The water moccasin barely misses you.
Casting: Sandblast (safe; 2% risk of failure)
Confirm with . or Enter, or press ? or * to list all spells.
Aiming: Sandblast (safe; 2% risk of failure)
Press: ? - help, Shift-Dir - straight line, f/p - water moccasin
Aim: a water moccasin (severely wounded, 72% to hit)
The blast of sand misses the water moccasin.
The water moccasin barely misses you.
The water moccasin completely misses you.
You now have 3/12 mp.
Casting: Sandblast (safe; 2% risk of failure)
Confirm with . or Enter, or press ? or * to list all spells.
Aiming: Sandblast (safe; 2% risk of failure)
Press: ? - help, Shift-Dir - straight line, f/p - water moccasin
Aim: a water moccasin (severely wounded, 72% to hit)
The blast of sand misses the water moccasin.
The water moccasin bites you!
* * * LOW HITPOINT WARNING * * *
You are lethally poisoned!
The water moccasin poisons you! The water moccasin closely misses you.
The water moccasin misses you.
You take 7 damage, and have 6/41 hp.
You now have 2/12 mp.
Casting: Sandblast (safe; 2% risk of failure)
Confirm with . or Enter, or press ? or * to list all spells.
Aiming: Sandblast (safe; 2% risk of failure)
Press: ? - help, Shift-Dir - straight line, f/p - water moccasin
Aim: a water moccasin (severely wounded, 72% to hit)
The blast of sand hits the water moccasin!
The water moccasin is almost dead.
* * * LOW HITPOINT WARNING * * *
You feel very sick.
The water moccasin bites you but does no damage.
The water moccasin bites you.
You die...

###### #....#
#####.
#....####.....
#.......'.....
#####...#####.....
........<.........
.......#..#.#.###.
.......####.#.....
.......S@...#.####
#####..########
..........
.....†....
.8.......8
..........
.........


You could see a water moccasin.

Vanquished Creatures
  Eustachio (D:4)
  Edmund (D:5)
  An ogre (D:5)
  A phantom (D:5)
  A kobold brigand (D:5)
  2 bullfrogs
  2 scorpions
  2 hounds (D:5)
  A gnoll bouda (D:4)
  3 orc priests (D:4)
  A jelly (D:5)
  4 iguanas
  3 sleepcaps (D:5)
  8 adders
  6 gnolls
  2 shadow imps (D:4)
  A white imp (D:5)
  3 worms
  4 dart slugs
  11 orcs
  11 ball pythons
  2 bats
  2 endoplasms
  6 giant cockroaches
  A goblin (D:4)
  7 hobgoblins
  3 jackals (D:3)
  4 quokkas
  6 frilled lizards
  16 kobolds
  4 rats
120 creatures vanquished.

Notes
Turn   | Place    | Note
-------+----------+-------------------------------------------
     0 | D:1      | Ofeo the Kobold Earth Elementalist began the quest for the
                  | Orb.
     0 | D:1      | Reached XP level 1. HP: 10/10 MP: 3/3
    37 | D:1      | Reached XP level 2. HP: 6/15 MP: 0/5
   125 | D:1      | Reached skill level 3 in Stealth
   474 | D:1      | Reached XP level 3. HP: 19/19 MP: 0/6
  1349 | D:2      | Reached XP level 4. HP: 24/24 MP: 8/8
  2034 | D:2      | Reached skill level 1 in Short Blades
  2493 | D:2      | Reached XP level 5. HP: 28/28 MP: 6/9
  3006 | D:3      | Found a faded altar of an unknown god.
  3699 | D:3      | Found a radiant altar of Vehumet.
  4286 | D:4      | Reached skill level 4 in Stealth
  4290 | D:4      | Learned a level 2 spell: Passwall
  4294 | D:4      | Learned a level 3 spell: Stone Arrow
  4299 | D:4      | Learned a level 4 spell: Petrify
  4485 | D:4      | Noticed Eustachio
  4520 | D:4      | Killed Eustachio
  4521 | D:4      | Reached XP level 6. HP: 6/32 MP: 5/10
  5054 | D:4      | Found a transporter.
  5079 | D:4      | Found a transporter.
  5396 | D:4      | Gained mutation: You have supernaturally acute eyesight.
                  | (SInv) [potion of mutation]
  5396 | D:4      | HP: 1/32 [gnoll/+2 vampiric spear[a gnoll bouda] (7)]
  5704 | D:4      | Reached skill level 5 in Stealth
  5704 | D:4      | Reached XP level 7. HP: 16/36 MP: 9/11
  6971 | D:5      | Entered Level 5 of the Dungeon
  7373 | D:5      | Reached skill level 6 in Stealth
  7373 | D:5      | Reached XP level 8. HP: 16/41 MP: 8/12
  8059 | D:5      | Reached skill level 5 in Short Blades
  8059 | D:5      | Reached skill level 5 in Earth Magic
  8463 | D:5      | Noticed Edmund
  8472 | D:5      | Killed Edmund
  8473 | D:5      | Reached skill level 7 in Stealth
  9275 | D:6      | HP: 2/41 [poisoned by a water moccasin]
  9275 | D:6      | Slain by a water moccasin

Illustrated notes

Levels and vault maps discovered:
D:1:      dpeg_arrival_more_subterranean_lakeside_camping, layout_rooms,
          lexackson_kobold_supper
D:2:      minmay_wonky_spiral, layout_basic
D:3:      layout_loops_corners, marbit_many_paths,
          shapermc_ecumenical_altar_starsandcircs
D:4:      gammafunk_wand_slinger, layout_loops_ring, serial_co_window_serial,
          co_window_paths_a, co_window_paths_b, co_window_paths_a,
          co_window_paths_a, co_window_cross_1, co_window_unsneaky_path_b,
          co_window_unsneaky_path_e, co_window_of_opportunity_b,
          co_window_unsneaky_path_e, co_window_unsneaky_path_e,
          co_window_unsneaky_path_b, co_window_corner_b, co_window_4corner_a,
          glass_columns_a, glass_columns_c, glass_columns_a, glass_columns_c,
          glass_columns_a, nrook_mini_backslash, uniq_eustachio
D:5:      layout_basic, kennysheep_generic_room_16, uniq_edmund
D:6:      wad_pebble_path, layout_basic, minmay_temple_entry_statues_pillars,
          serial_shops, shop

Skill      XL: |  1  2  3  4  5  6  7  8 |
---------------+-------------------------+-----
Stealth        | 3 4 5 6 7 |  7.5
Dodging        | 3 |  3.4
Short Blades   | 1 3 4 6 |  6.1
Transmutations | 2 3 4 |  4.9
Spellcasting   | 3 |  3.1
Earth Magic    | 4 5 |  5.7

Action                     |  1- 3 |  4- 6 |  7- 9 || total
---------------------------+-------+-------+-------++-------
  Melee: Unarmed           |     9 |       |       ||     9
         Punch             |     2 |       |     1 ||     3
         Short sword       |    15 |    86 |    56 ||   157
   Cast: Sandblast         |    44 |    78 |   100 ||   222
         Petrify           |       |       |     2 ||     2
  Evoke: Wand              |       |       |     1 ||     1
    Use: Potion            |     2 |     4 |     2 ||     8
         Scroll            |       |     8 |       ||     8
   Stab: Sleeping          |     1 |       |     1 ||     2
         Invisible         |       |     1 |     1 ||     2
         Petrified         |       |       |     3 ||     3
 Armour: Robe              |     8 |       |       ||     8
         Leather armour    |     4 |     8 |    10 ||    22
  Dodge: Dodged            |    34 |    76 |    38 ||   148

Table legend: (Time is in decaauts)
 A = Elapsed time spent in this place.
 B = Non-inter-level travel time spent in this place.
 C = Inter-level travel time spent in this place.
 D = Time resting spent in this place.
 E = Time spent auto-exploring this place.
 F = Levels seen in this place.
 G = Mean time per level.
                   A        B        C        D        E       F      G
               +--------+--------+--------+--------+--------+-----+--------+
         Total |   9322 |   9065 |    257 |    575 |   7646 |   6 | 1553.7 |
       Dungeon |   9322 |   9065 |    257 |    575 |   7646 |   6 | 1553.7 |
               +--------+--------+--------+--------+--------+-----+--------+

Top non-repeatable levels by time:
     D:4: 2971 daAuts
     D:5: 2025 daAuts
     D:2: 1851 daAuts
     D:3: 1407 daAuts
     D:1: 957 daAuts
     D:6: 109 daAuts
